Unix NetHack Version 5.0.0-0 post-release - last build May 23 2026 06:08:33 (1c0ff79ee797540d5714e4e18072db0edd9e58ae,branch:main).

Game began 2026-05-29 17:51:39, ended 2026-05-29 19:41:07.

Eymerich, chaotic male elven Priest

                                                     ----
                                                      ..|
                                                      ..|
                                                      ..|    ---------
                                                      ..|   #........|
                                                      ..|   #|.......|
                                                       .    #|.......|
                                                      ##  ###|.......|
                                                   ########  |......<|
                                                  ##   #     ---------
                                                ###    d
                                              ####    ##
                                             --------d#
                                             |.....'@#
                                             |......|
                                             |......
                                             -------

Eymerich the Acolyte         St:11 Dx:10 Co:16 In:13 Wi:16 Ch:13  Chaotic
Dlvl:8  $:792 HP:0(46) Pw:63(63) AC:6  Xp:5 T:4232 

Latest messages:
 Puffa bites the housecat.
 Puffa misses the housecat.
 Puffa misses the housecat.
 Pinky misses the housecat.
 Puffa bites the housecat.
 The housecat misses Puffa.
 Pinky misses the housecat.
 Puffa misses the housecat.
 Pinky misses the housecat.
 Pinky bites the housecat.
 The housecat misses Pinky.
 Puffa bites the housecat.
 The housecat is killed!
 Puffa grows up into a housecat.
 You swap places with Pinky.
 You see a gas cloud dissipate.
 You stop.  Puffa is in the way!
 You swap places with Puffa.
 You swap places with Puffa.
 Pinky drops a potion of holy water.
 You hear a door open.
 You climb up the stairs.
 You descend the stairs.
 You see here a potion of holy water.
 d - a potion of holy water (5 in total).
 Pick a monster, object or location.
 The rope golem hits!
 The rope golem hits again!
 The rope golem grabs you!
 You hit the rope golem.
 The rope golem hits!
 The rope golem hits again!
 You are being choked.
 You hit the rope golem.
 The rope golem hits!
 The rope golem hits again!
 You are being choked.
 You hit the rope golem.
 The rope golem hits!
 The rope golem hits again!
 You are being choked.
 You hear some noises in the distance.
 You miss the rope golem.
 You hit the rope golem!
 The rope golem hits!
 You die...
 Do you want your possessions identified? [ynq] (y)
 Do you want to see your attributes? [ynq] (y)
 Do you want an account of creatures vanquished? [ynaq] (y)
 Do you want to see your conduct and achievements? [ynq] (y)

Inventory:
 Coins    ('$')
  $ - 792 gold pieces
 Weapons  (')')
  W - 87 +0 arrows
  l - 8 blessed +0 darts
  p - 55 +0 darts (at the ready)
  K - 9 +0 shuriken
  c - a +0 elven dagger
  g - a +0 orcish dagger
  a - a blessed +1 mace (weapon in right hand)
  r - a +0 scimitar
 Armor    ('[')
  j - a +0 orcish helm
  t - a +0 orcish helm (being worn)
  v - a +0 cloak of protection (being worn)
  b - a +0 robe
 Comestibles  ('%')
  e - a clove of garlic
  B - a food ration
  O - a pear
  f - 2 sprigs of wolfsbane
  s - 2 lichen corpses
 Scrolls  ('?')
  G - a blessed scroll of enchant weapon
  m - a scroll of food detection
  E - a scroll of magic mapping
  R - a scroll of remove curse
 Potions  ('!')
  X - a potion of enlightenment
  k - a potion of healing
  d - 5 potions of holy water
 Wands    ('/')
  h - a wand of digging (0:8)
  q - a wand of undead turning (0:8)
 Tools    ('(')
  A - a blindfold
  i - a stethoscope
  o - a tin whistle
 Gems/Stones  ('*')
  S - an opal named soft
  F - a worthless piece of blue glass named soft
  T - a worthless piece of orange glass named soft
  D - a luckstone

Eymerich the Priest's attributes:

Background:
 You were an Acolyte, a level 5 elven Priest.
 You were chaotic, on a mission for Huhetotl
 who was opposed by Quetzalcoatl (lawful) and Camaxtli (neutral).
 You were right-handed.
 You were in the Dungeons of Doom, on level 8.
 You entered the dungeon 4232 turns ago.
 You had 219 experience points, 101 more were needed to attain level 6.

Basics:
 You had 0 out of 46 hit points.
 You had all 63 energy points (spell power).
 Your armor class was 6.
 Your wallet contained 792 zorkmids.
 Autopickup was off.

Final Characteristics:
 Your strength was 11 (limit:18).
 Your dexterity was 10 (limit:18).
 Your constitution was 16 (limit:16).
 Your intelligence was 13 (limit:20).
 Your wisdom was 16 (limit:20).
 Your charisma was 13 (limit:18).

Final Status:
 You were held by a rope golem (west).
 You weren't hungry.
 You were unencumbered.
 You were wielding a mace.
 You had basic skill with mace.

Final Attributes:
 You were piously aligned.
 You were sleep resistant.
 You were poison resistant.
 You had infravision.
 You were protected.
 You were lucky.
 You had extra luck.
 Bad luck did not time out for you.
 Good luck did not time out for you.
 You are dead.

Miscellaneous:
 You didn't encounter any bones levels.
 Total elapsed playing time was 1 hour, 20 minutes and 9 seconds.

Major events:
 Turn
    1: Eymerich the chaotic elven Priest entered the dungeon
 2384: attained the rank of Acolyte (level 3)
 3672: consulted the Oracle
 4232: killed by a rope golem

Spells:
 Name                 Level Category     Fail Retention
 healing                1   healing        0%  76%-100%
 light                  1   clerical      14%   71%-80%
 confuse monster        1   enchantment   14%  76%-100%

Skills:
 Fighting Skills
   bare handed combat [Unskilled]
 Weapon Skills
   club               [Unskilled]
   mace               [Basic]
   morning star       [Unskilled]
   flail              [Unskilled]
   hammer             [Unskilled]
   quarterstaff       [Unskilled]
   polearms           [Unskilled]
   spear              [Unskilled]
   trident            [Unskilled]
   lance              [Unskilled]
   bow                [Unskilled]
   sling              [Unskilled]
   crossbow           [Unskilled]
   dart               [Unskilled]
   shuriken           [Unskilled]
   boomerang          [Unskilled]
   unicorn horn       [Unskilled]
 Spellcasting Skills
   healing spells     [Unskilled]
   divination spells  [Unskilled]
   clerical spells    [Basic]

Voluntary challenges:
 Character rerolling was not enabled.
 You never genocided any monsters.
 You never polymorphed an object.
 You never changed form.
 You used no wishes.
Achievements:
 You entered a shop.
 You attained the rank of Acolyte.
 You consulted the Oracle of Delphi.

 The Dungeons of Doom: levels 1 to 8
    Level 1:
    Level 2: "vault, locked chest"
       A general store, an altar, a fountain.
    Level 3:
    Level 4:
       A general store, some fountains.
    Level 5: "locked chest"
       Some fountains.
    Level 6:
       Many fountains.
       Oracle of Delphi.
    Level 7:
    Level 8: <- You were here.
       Final resting place for
          you, killed by a rope golem.


Vanquished creatures:
  2 dogs
  a housecat
  2 ponies
  a fog cloud
  a shrieker
  a gnome leader
 an elf zombie
  a straw golem
  a giant ant
  4 hill orcs
  a centipede
  a giant bat
 an orc zombie
  2 dwarf zombies
  2 coyotes
  a gas spore
  a hobbit
  2 manes
  a giant rat
  a brown mold
  2 green molds
  a red mold
  a gnome zombie
  2 geckos
  2 jackals
  3 kobolds
  2 goblins
  a sewer rat
  4 grid bugs
  5 lichens
  5 newts
56 creatures vanquished.

No species were genocided or became extinct.

Game over:
                       ----------
                      /          \
                     /    REST    \
                    /      IN      \
                   /     PEACE      \
                  /                  \
                  |     Eymerich     |
                  |      792 Au      |
                  | killed by a rope |
                  |      golem       |
                  |                  |
                  |                  |
                  |       2026       |
                 *|     *  *  *      | *
        _________)/\\_//(\/(/\)/\//\/|_)_______

Goodbye Eymerich the Priest...

You died in The Dungeons of Doom on dungeon level 8 with 1950 points,
and 792 pieces of gold, after 4232 moves.
You were level 5 with a maximum of 46 hit points when you died.

